 Dungeon Crawl Stone Soup version 0.32-a0-921-g04a7ad8e02 (webtiles) character file.

Game seed: 13529732931388753738

1560192 NormalPerson7 the Intangible (level 25, 149/149 HPs)
             Began as a Spriggan Wanderer on Apr 12, 2024.
             Was an Initiate of Gozag.
             Escaped with the Orb
             ... and 3 runes!
             The game lasted 05:30:45 (76408 turns).

NormalPerson7 the Intangible (Spriggan Wanderer)   Turns: 76408, Time: 05:30:46

Health: 149/149    AC:  6    Str:  7    XL:     25   Next: 43%
Magic:  37/37      EV: 54    Int: 21    God:    Gozag
Gold:   3176       SH: 11    Dex: 30    Spells: 2/42 levels left

rFire   + + .        b - +3 greatsling "Punk" {acid, rCorr}
rCold   + . .        H - +1 buckler {rF+}
rNeg    + . .        K - +1 robe of Vines {NoPotionHeal Regen++++}
rPois   +            G - -2 hat of the Alchemist {rElec rPois rF+ rC+ rN+ Will+ rMut rCorr}
rElec   +            E - +4 dragonskin cloak {Aegis}
rCorr   +            (gloves unavailable)
SInv    +            (boots unavailable)
Will    +++++        L - amulet of Vitality {Regen++ RegenMP++}
Stlth   +++          A - +6 ring of intelligence
HPRegen 5.24/turn    X - +6 ring of dexterity
MPRegen 1.05/turn

%: resist mutation
@: studying Maces & Flails, bribing [the Dungeon, the Realm of Zot, the Depths],
very quick
A: very small, no large weapons, unfitting armour, see invisible, speed 3,
antennae 1, weak 1
0: Orb of Zot
}: 3/15 runes: serpentine, barnacled, abyssal
a: Renounce Religion, Potion Petition, Call Merchant, Bribe Branch


You escaped.
You worshipped Gozag.
Gozag was most pleased with you.
You visited 10 branches of the dungeon, and saw 47 of its levels.
You visited the Abyss 2 times.
You visited 1 bazaar.
You also visited: Ossuary, Gauntlet and Volcano.

You collected 27873 gold pieces.
You spent 7485 gold pieces at shops.
You paid 17212 gold pieces to Gozag.

Inventory:

Hand Weapons
 a - a +9 hand cannon of flaming
 b - the +3 greatsling "Punk" (weapon) {acid, rCorr}
   (You found it on level 3 of the Elven Halls)

   rCorr:     It protects you from acid and corrosion.
Missiles
 Q - 6 throwing nets {!f}
 S - 10 curare-tipped darts
Armour
 E - the +4 dragonskin cloak (worn) {Aegis}
   (You took it off Tiamat on level 2 of the Realm of Zot)

   Avatar's Aegis: It grants the wearer a chance to resist fire, cold, poison,
   electricity, acid, and negative energy.
 G - the -2 hat of the Alchemist (worn) {rElec rPois rF+ rC+ rN+ Will+ rMut rCorr}
   (You found it on level 3 of the Depths)

   rF+:       It protects you from fire.
   rC+:       It protects you from cold.
   rElec:     It insulates you from electricity.
   rPois:     It protects you from poison.
   rN+:       It protects you from negative energy.
   Will+:     It increases your willpower.
   rCorr:     It protects you from acid and corrosion.
   rMut:      It protects you from mutation.
 H - a +1 buckler of fire resistance (worn)
 K - the +1 robe of Vines (worn) {NoPotionHeal Regen++++}
   (You bought it in a shop on level 3 of the Dungeon)

   NoPotionHeal: Its wearer cannot be healed by potions.
   Regen++++: It increases your rate of health regeneration.
Jewellery
 p - the ring of Zyzarres {rC++ Str+6}
   (You bought it in a shop in a bazaar)

   [ring of strength]

   Str+6:     It affects your strength (+6).
   rC++:      It greatly protects you from cold.
 A - a +6 ring of intelligence (left hand)
 L - the amulet of Vitality (around neck) {Regen++ RegenMP++}
   (You found it on level 2 of the Snake Pit)

   [amulet of nothing]

   Regen++:   It increases your rate of health regeneration.
   RegenMP++: It increases your rate of magic regeneration.
 R - the ring "Etsusm" {Fire rElec rCorr MP-9 Dex+6}
   (You took it off a merfolk impaler on level 4 of the Shoals)

   [ring of fire]

   Fire:      It enhances your fire magic.
   Dex+6:     It affects your dexterity (+6).
   rF+:       It protects you from fire.
   rC-:       It makes you vulnerable to cold.
   rElec:     It insulates you from electricity.
   MP-9:      It affects your magic capacity (-9).
   rCorr:     It protects you from acid and corrosion.
 T - a ring of protection from fire
 X - a +6 ring of dexterity (right hand)
 Y - a ring of positive energy
Wands
 d - a wand of quicksilver (17)
 C - a wand of mindburst (26)
 N - a wand of digging (38)
 O - a wand of paralysis (17)
 U - a wand of polymorph (13)
 Z - a wand of roots (18)
Scrolls
 e - 10 scrolls of fear
 j - 4 scrolls of silence
 o - 6 scrolls of fog
 t - 24 scrolls of teleportation
 u - 4 scrolls of butterflies {!r}
 w - 2 scrolls of torment
 x - 7 scrolls of blinking
 y - 11 scrolls of immolation
 D - 8 scrolls of poison
 F - a scroll of enchant armour
 J - 10 scrolls of vulnerability
 M - 4 scrolls of revelation
Potions
 c - 9 potions of cancellation
 f - 9 potions of haste
 g - 12 potions of mutation
 h - 10 potions of heal wounds {Vines warning}
 i - 5 potions of brilliance
 k - 16 potions of lignification
 m - 9 potions of might
 n - 8 potions of ambrosia
 q - 23 potions of curing {Vines warning}
 s - a potion of resistance
 v - 10 potions of attraction
 z - 2 potions of magic
 I - 4 potions of enlightenment
 V - 6 potions of invisibility
Miscellaneous
 l - a box of beasts
 r - a Gell's gravitambourine (2/2)
 B - a lightning rod (4/4)
 W - a phantom mirror


   Skills:
 + Level 21.0 Fighting
 - Level 18.0 Ranged Weapons
 - Level 3.0 Armour
 O Level 27 Dodging
 - Level 15.0 Stealth
 - Level 16.0 Shields
 - Level 9.2 Spellcasting
 - Level 2.0 Conjurations
 - Level 4.5 Hexes
 - Level 24.5 Translocations
 - Level 14.0 Evocations
 - Level 5.3 Shapeshifting


You had 2 spell levels left.
You knew the following spells:

 Your Spells              Type           Power      Damage    Failure   Level
b - Dimensional Bullseye  Hex/Tloc       31%        N/A       1%          4
d - Dispersal             Tloc           42%        N/A       1%          6
f - Summon Forest         Summ/Tloc      28%        N/A       1%          5
g - Gell's Gavotte        Tloc           42%        2d(30-45) 1%          6
j - Disjunction           Tloc           42%        N/A       2%          8
m - Iskenderun's Mystic   Conj/Tloc      60%        2d13      (+2d71%     4
p - Apportation           Tloc           100%       N/A       0%          1
v - Passage of Golubria   Tloc           85%        N/A       0%          4
X - Blink                 Tloc           100%       N/A       0%          2

Your spell library contained the following spells:

 Spells                   Type           Power      Damage    Failure   Level
 Lesser Beckoning         Tloc           100%       N/A       0%          2
 Slow                     Hex            100%       N/A       1%          1
 Jinxbite                 Hex            56%        N/A       1%          2
 Momentum Strike          Conj/Tloc      100%       3d10      1%          2
 Magic Dart               Conj           72%        1d6       3%          1
 Ensorcelled Hibernation  Hex/Ice        38%        N/A       5%          2
 Kiss of Death            Conj/Necr      52%        2d9       6%          1
 Sting                    Conj/Alch      52%        1d6       6%          1
 Searing Ray              Conj           36%        2d5       6%          2
 Necrotise                Necr           36%        1d5       9%          1
 Sandblast                Erth           18%        2d7       9%          1
 Summon Small Mammal      Summ           36%        N/A       9%          1
 Static Discharge         Conj/Air       26%        3-5/arc   9%          2
 Call Imp                 Summ           18%        N/A       13%         2
 Cigotuvi's Dreadful Rot  Necr/Alch/Air  18%        N/A       13%         2
 Mercury Vapours          Alch/Air       18%        N/A       13%         2
 Maxwell's Portable Pile  Tloc           85%        2d(13-39) 0%          3
 Teleport Other           Tloc           85%        N/A       0%          3
 Manifold Assault         Tloc           42%        N/A       1%          7
 Confusing Touch          Hex            28%        N/A       4%          3
 Sigil of Binding         Hex            28%        N/A       4%          3
 Tukima's Dance           Hex            28%        N/A       4%          3
 Dazzling Flash           Conj/Hex       46%        N/A       7%          3
 Inner Flame              Hex/Fire       19%        N/A       11%         3
 Cause Fear               Hex            14%        N/A       14%         4
 Stone Arrow              Conj/Erth      26%        3d8       17%         3
 Mephitic Cloud           Conj/Alch/Air  12%        N/A       21%         3
 Call Canine Familiar     Summ           9%         N/A       26%         3
 Fugue of the Fallen      Necr           9%         N/A       26%         3
 Ozocubu's Armour         Ice            9%         N/A       26%         3
 Passwall                 Erth           9%         N/A       26%         3
 Summon Ice Beast         Ice/Summ       9%         N/A       26%         3
 Swiftness                Air            9%         N/A       26%         3
 Anguish                  Hex/Necr       9%         N/A       34%         4
 Brom's Barrelling Bould  Conj/Erth      13%        2d4       50%         4
 Flame Wave               Conj/Fire      13%        2d6       50%         4
 Fulminant Prism          Conj/Alch      6%         3d6       50%         4
 Airstrike                Air            4%         2d(1-17)  65%         4
 Animate Armour           Summ/Erth      18%        N/A       65%         4
 Dispel Undead            Necr           9%         3d8       65%         4
 Martyr's Knell           Necr/Summ      9%         N/A       65%         4
 Olgreb's Toxic Radiance  Alch           9%         N/A       65%         4
 Sticky Flame             Fire/Alch      9%         2d5       65%         4
 Summon Blazeheart Golem  Fire/Summ      9%         N/A       65%         4
 Summon Lightning Spire   Summ/Air       9%         N/A       65%         4
 Metabolic Englaciation   Hex/Ice        9%         N/A       67%         5
 Silence                  Hex/Air        9%         N/A       67%         5
 Summon Mana Viper        Hex/Summ       19%        N/A       67%         5
 Iskenderun's Battlesphe  Conj           18%        2d7       71%         5
 Fireball                 Conj/Fire      6%         3d5       85%         5
 Alistair's Intoxication  Alch           6%         N/A       94%         5
 Borgnjor's Vile Clutch   Necr/Erth      4%         N/A       94%         5
 Lee's Rapid Deconstruct  Erth           4%         3d5*      94%         5
 Bombard                  Conj/Erth      6%         9d2       100%        6
 Death Channel            Necr           4%         N/A       100%        6
 Eringya's Noxious Bog    Alch           4%         4d6       100%        6
 Permafrost Eruption      Ice/Erth       4%         2x4d2     100%        6
 Plasma Beam              Fire/Air       4%         2x1d14    100%        6
 Sculpt Simulacrum        Ice/Alch       4%         N/A       100%        6
 Starburst                Conj/Fire      6%         6d4       100%        6
 Summon Cactus Giant      Summ           4%         N/A       100%        6
 Enfeeble                 Hex            14%        N/A       100%        7
 Haunt                    Necr/Summ      4%         N/A       100%        7
 Ozocubu's Refrigeration  Ice            4%         4d8       100%        7
 Spellforged Servitor     Conj/Summ      6%         N/A       100%        7
 Borgnjor's Revivificati  Necr           4%         N/A       100%        8
 Discord                  Hex            14%        N/A       100%        8
 Ignition                 Fire           4%         3d4       100%        8
 Lehudib's Crystal Spear  Conj/Erth      6%         10d3      100%        8
 Maxwell's Capacitive Co  Air            4%         ∞         100%        8
 Chain Lightning          Conj/Air       6%         3d8       100%        9
 Death's Door             Necr           4%         N/A       100%        9
 Dragon's Call            Summ           4%         N/A       100%        9
 Shatter                  Erth           4%         3d8*      100%        9
 Animate Dead             Necr           Unusable   N/A       N/A         4

Dungeon Overview and Level Annotations

Branches:
Dungeon (15/15)            Temple (1/1) D:6            Lair (5/5) D:9
 Shoals (4/4) Lair:3        Snake (4/4) Lair:3        Slime (0/5) Lair:4
    Orc (2/2) D:10            Elf (3/3) Orc:2        Vaults (4/5) D:13
  Crypt (0/3) Vaults:3     Depths (4/4) D:15            Zot (5/5) Depths:4
Ossuary (visited)         Volcano (visited)         Gauntlet (visited)

Altars:
Ashenzari
Cheibriados
Dithmenos
Elyvilon
Fedhas
Gozag
Hepliaklqana
Kikubaaqudgha
Makhleb
Nemelex Xobeh
Okawaru
Qazlal
Ru
Sif Muna
Trog
Uskayaw
Vehumet
Wu Jian
Xom
Yredelemnul
Zin
The Shining One
Beogh
Jiyva

Shops:
D:3 **((   D:8 *   D:12 !::   Orc:2 **[*   Elf:2 [   Shoals:3 (   Vaults:1 *[
Vaults:2 [   Depths:1 :=:   Depths:2 **

Portals:
Hell: Depths:1 Depths:2 Depths:3 Depths:4
Abyss: Depths:3
Pandemonium: Depths:2 Depths:3
Ziggurat: Depths:3
Trove: D:13 (give +7 demon trident)

Annotations:
D:15 3 runed translucent doors, exclusion: 3 doors, Piggab's ghost, journeyman CoHu; Zelekoik's ghost, journeyman DrMo
Shoals:3 exclusion: kraken
Snake:2 exclusion: anaconda, Asterion
Elf:1 Roxanne
Elf:3 3 runed translucent doors, Ommibeerche's ghost, adept SpEn
Vaults:4 1 runed translucent door, pedritolo's ghost, adept CoHu
Depths:1 1 transporter, exclusion: downstairs, Chimkentus's ghost, adept OpEE


Innate Abilities, Weirdness & Mutations

You are very small and have problems with some larger weapons.
You are too small for most types of armour.
You have supernaturally acute eyesight. (SInv)
You cover ground extremely quickly. (Speed+++)
You have a pair of small antennae on your head.
You are weak. (Str -2)


Message History

You shoot a sling bullet.
The sling bullet barely misses the orange demon.
You shoot a sling bullet.
The sling bullet hits the orange demon!!
The orange demon is splashed with acid.
The orange demon is almost dead.
You shoot a sling bullet.
The sling bullet hits the orange demon!!
You kill the orange demon!
No target in view!
No target in view!
(D) Dungeon (T) Temple (L) Lair (A) Shoals (P) Snake Pit (M) Slime Pits (O) Orcish Mines (E) Elven Halls (V) Vaults (C) Crypt (U) Depths (H) Hell (Z) Zot
Where to? (Tab/Enter - D:1 @ (x,y), ? - help)
You now have 3176 gold pieces (gained 7).
You see here a +0 sling.
You see here a +0 short sword.
Things that are here:
a +0 club; a +0 robe; an orc skeleton
Things that are here:
a +0 leather armour; a +0 hand axe
There is a stone staircase leading up here.
You climb upwards.
There is a stone staircase leading down here.
There is a stone staircase leading up here.
You climb upwards.
There is a stone staircase leading down here.
You see here a bat skeleton.
You see here a bat skeleton.
There is a stone staircase leading up here.
You climb upwards.
There is a stone staircase leading down here.
You enter the shallow water.
Moving in this stuff is going to be slow.
Your rust devil grins greedily, jangling a coin purse.
A rust devil comes into view.
There is a staircase leading out of the dungeon here.
You have escaped!

......# #......#...##......##.#..
......# #......#...#####...##.#.#
......# #......#...'............#
......# ###...##...#####.........
......# #...###................
......# #...# #.######...#.....
......# #...# #................
......#####...###################
..............##@.4..#.P##
######........##.~.P~P...#####
#........##~~~~~PP......###
#.......###~....P....~..~.##
#.......# #PP..P.PP~~~....P#
#.......# #~.~.P.P~≈..P.~.P#
###.......# #.(P~~.P...P.P....
####.........# #.P.......~..P....
.............# #....P~..P........


You could see a friendly rust devil.

Vanquished Creatures
  Tiamat (Zot:2)
  3 orbs of fire
  A juggernaut (Depths:4)
  Bai Suzhen (Elf:3)
  Saint Roka (Orc:2)
  Boris (twice) (Depths:2 Depths:4)
  A curse toe (Zot:2)
  A caustic shrike (Depths:3)
  18 golden dragons
  Norris (Depths:2)
  A bone dragon (Zot:2)
  Nikola (Snake:1)
  2 electric golems
  15 tentacled monstrosities
  Jorgrun (D:12)
  8 Orb Guardians
  The ghost of Yphese Lihe the Warrior, an adept MiFi of the Shining One (Elf:1)
  7 liches
  A walking divine tome (Depths:3)
  A walking earthen tome (Depths:3)
  2 deep elf blademasters (Elf:3)
  2 deep elf master archers (Elf:3)
  6 quicksilver dragons
  7 sphinxes
  A titan (Depths:3)
  16 death cobs
  A walking frostbound tome (Depths:2)
  13 storm dragons
  4 tengu reavers
  Kirke (Lair:4)
  7 shadow dragons
  5 protean progenitors
  A fenstrider witch (Shoals:3)
  6 nagarajas
  11 fire giants
  9 draconian monks
  5 deep elf sorcerers
  2 iron dragons (Depths:3)
  4 vault wardens
  6 draconian knights
  4 draconian shifters
  6 frost giants
  6 deep elf elementalists (Elf:3)
  Louise (Snake:2)
  An angel (Shoals:4)
  2 draconian scorchers
  11 draconian stormcallers
  A balrug (Depths:1)
  4 spriggan defenders
  An orc warlord (Vaults:4)
  2 cacodemons (Elf:1)
  A juggernaut skeleton (Depths:3)
  A formless jellyfish (Vaults:1)
  5 ironbound thunderhulks
  2 draconian annihilators
  13 ironbound preservers
  2 broodmothers (Zot:3)
  28 very ugly things
  11 stone giants
  4 deep elf demonologists (Elf:3)
  14 white draconians
  5 deep elf death magi
  14 black draconians
  An apis (Shoals:4)
  7 vampire knights
  11 dire elephants
  7 red draconians
  8 deep elf annihilators (Elf:3)
  9 green draconians
  11 yellow draconians
  Azrael (D:14)
  A minotaur (Shoals:2)
  5 merfolk javelineers
  13 merfolk impalers
  7 purple draconians
  7 spark wasps
  Josephine (Lair:5)
  15 ettins
  3 deep elf high priests (Elf:3)
  11 fire dragons
  2 crystal guardians (Vaults:1)
  Fannar (D:12)
  A salamander tyrant (Snake:4)
  5 hydras
  10 yaktaur captains
  9 great orbs of eyes
  6 rakshasas
  9 ice dragons
  A catoblepas (Lair:4)
  6 vault guards (Vaults:4)
  2 spriggan air magi (Depths:4)
  A sphinx zombie (Depths:3)
  A hell beast (Depths:4)
  8 ironbound frosthearts
  2 alligators (Zot:3)
  2 radroaches (Zot:3)
  8 anacondas
  An ogre mage (Orc:1)
  A boulder beetle (D:7)
  5 merfolk avatars
  13 centaur warriors
  9 merfolk aquamancers
  5 satyrs
  2 tengu warriors
  2 death knights
  An alligator snapping turtle (Shoals:4)
  8 two-headed ogres
  31 dancing weapons
  11 death yaks
  An orc high priest (Elf:1)
  4 vampire magi
  9 deep troll shamans
  A holy swine (Shoals:4)
  8 deep troll earth magi
  26 naga sharpshooters
  A soul eater (Depths:4)
  4 shock serpents
  7 occultists
  14 deep elf knights
  9 naga warriors
  3 spriggan berserkers
  2 sun demons
  2 hell knights
  Nergalle (D:12)
  11 skysharks
  10 iron trolls
  10 skeletal warriors
  6 mana vipers
  4 cherubim (Shoals:4)
  5 arcanists
  6 salamander mystics
  A shadow demon (Depths:2)
  A spark wasp zombie (Depths:1)
  16 deep elf archers
  5 flayed ghosts
  A sixfirhy (Depths:2)
  10 sea snakes
  4 swamp dragons
  55 deep trolls
  A shadow dragon zombie (Depths:3)
  3 naga ritualists
  6 glowing orange brains
  4 lindwurms (Vaults:3)
  24 deep elf zephyrmancers
  5 harpies
  8 ironbound convokers
  5 necromancers
  29 deep elf pyromancers
  7 thermic dynamos (Elf:2)
  An obsidian statue (D:15)
  7 orc knights
  2 large abominations
  A fire giant zombie (Depths:1)
  2 frost giant zombies
  A wolf spider (Lair:5)
  16 manticores
  A shining eye (shapeshifter) (Depths:3)
  5 orc sorcerers
  24 fauns
  4 meliai (Shoals:2)
  8 cyclopes
  16 elephants
  45 ugly things
  14 salamanders
  3 merfolk sirens
  2 guardian serpents
  A meliai (shapeshifter) (Elf:1)
  35 black mambas
  17 moths of wrath
  4 kobold blastminers
  An ice statue (D:12)
  12 naga magi
  3 water nymphs
  A rust devil (D:15)
  3 smoke demons
  2 centaur skeletons (D:15)
  4 gargoyles
  A torpor snail (Lair:5)
  4 orange demons
  A hellion (Depths:2)
  A torpor snail (shapeshifter) (Vaults:4)
  11 vault sentinels
  15 cane toads
  An unseen horror (D:12)
  A rime drake (shapeshifter) (Elf:1)
  3 freezing wraiths
  3 rime drakes
  A tengu conjurer (D:15)
  22 yaktaurs
  12 komodo dragons
  An efreet (D:15)
  9 trolls
  20 merfolk
  6 polar bears
  A queen bee (Lair:2)
  4 wind drakes
  A blink frog (shapeshifter) (Elf:1)
  2 hornets (Lair:5)
  A wolf spider simulacrum (D:15)
  23 dream sheep
  3 glass eyes
  A raiju (shapeshifter) (Elf:3)
  A meliai zombie (D:15)
  12 blink frogs
  12 snapping turtles
  A spriggan (Lair:1)
  Sigmund (D:3)
  22 slime creatures
  An air elemental (Elf:1)
  A shadow (D:12)
  19 water elementals
  5 wraiths
  2 ynoxinuls
  9 wyverns
  A vampire (D:13)
  16 humans (D:12)
  12 fire elementals
  A golden eye (Lair:5)
  7 hogs
  A tarantella (shapeshifter) (Elf:1)
  33 yaks
  A basilisk (shapeshifter) (Elf:1)
  A neqoxec (D:15)
  Grum (Lair:1)
  5 basilisks
  6 wargs
  3 vampire mosquitoes (D:11)
  A redback (Lair:5)
  A chaos spawn (D:15)
  42 nagas
  4 steam dragons
  A swamp worm (Vaults:4)
  16 hell hounds
  3 acid dragons (Zot:2)
  23 water moccasins
  A water moccasin (shapeshifter) (Elf:1)
  3 black bears
  3 sky beasts (D:6)
  42 orc warriors
  5 ice beasts
  A black bear (shapeshifter) (Elf:1)
  10 ogres
  15 wolves
  20 centaurs
  2 phantoms
  3 kobold brigands
  9 bullfrogs
  3 earth elementals
  3 gnoll sergeants
  12 scorpions
  9 wights
  An elf skeleton (D:7)
  30 killer bees
  6 howler monkeys
  2 electric eels (Snake:1)
  2 jellies (D:7)
  A lava snake (Lair:4)
  A bombardier beetle (D:4)
  3 hounds
  An iron imp (D:15)
  A human zombie (D:7)
  12 orc priests
  A sleepcap (D:7)
  A boggart zombie (D:15)
  4 iguanas
  A starcursed mass (Abyss:4)
  4 gnoll boudas
  A hell rat (D:9)
  21 orc wizards
  A boggart skeleton (D:15)
  8 mummies (Ossuary)
  29 gnolls
  6 adders
  A river rat (D:9)
  3 shadow imps
  7 white imps
  5 ufetubi
  2 ribbon worms (D:2)
  4 dart slugs
  69 orcs
  4 ball pythons
  8 endoplasms
  3 gnoll zombies (Ossuary)
  4 goblins
  9 hobgoblins
  3 jackals (D:4)
  24 kobolds
  6 quokkas
  4 bats
  A frilled lizard (D:2)
  4 hobgoblin zombies (Ossuary)
  A kobold zombie (Ossuary)
  4 orc skeletons (D:7)
  4 rats
2022 creatures vanquished.

Vanquished Creatures (collateral kills)
  A dread lich (Zot:5)
  An ancient lich (Zot:5)
  2 Killer Klowns (Zot:5)
  A tentacled monstrosity (Zot:5)
  10 Orb Guardians (Zot:5)
  A protean progenitor (Zot:5)
  An iron dragon (Depths:3)
  A black draconian (Zot:3)
  A red draconian (Zot:2)
  2 fire dragons (Zot:5)
  An elephant (Zot:5)
22 creatures vanquished.

Vanquished Creatures (others)
  A dread lich (Zot:5)
  4 orbs of fire (Zot:5)
  2 Killer Klowns (Zot:5)
  An electric golem (Zot:5)
  A tentacled monstrosity (Zot:5)
  6 Orb Guardians (Zot:5)
  A death cob (Zot:5)
  2 storm dragons
  A shadow dragon (Zot:5)
  2 protean progenitors (Zot:5)
  A very ugly thing (Depths:4)
  A fire dragon (Depths:3)
  2 goliath frogs (Zot:5)
  2 moths of wrath (Zot:5)
  An elephant (Zot:5)
  A large abomination (D:15)
  A centaur (D:13)
30 creatures vanquished.

Grand Total: 2074 creatures vanquished

Notes
Turn   | Place    | Note
-------+----------+-------------------------------------------
     0 | D:1      | NormalPerson7 the Spriggan Wanderer began the quest for the
                  | Orb.
     0 | D:1      | NormalPerson7 set off with the following items: a +0
                  | dagger, a +0 cloak, a +0 robe, a Gell's gravitambourine
                  | (2/2), a potion of heal wounds, a scroll of teleportation.
     0 | D:1      | Reached XP level 1. HP: 11/11 MP: 2/2
   209 | D:1      | Reached skill level 1 in Ranged Weapons
   366 | D:1      | Reached XP level 2. HP: 16/16 MP: 3/3
  1635 | D:2      | Found a faded altar of an unknown god.
  2235 | D:3      | Reached XP level 3. HP: 19/19 MP: 4/4
  2379 | D:3      | Found Tuukh's Weapon Boutique.
  3014 | D:3      | Found Ceting's Antique Weapon Emporium.
  3064 | D:3      | Found Cyveh's General Store.
  3122 | D:3      | Noticed Sigmund
  3210 | D:3      | Reached XP level 4. HP: 23/23 MP: 5/5
  3428 | D:3      | Found Wed Teseomu's Assorted Antiques.
  3758 | D:4      | You fall into a shaft and drop 2 floors!
  3759 | D:6      | Noticed a sky beast
  3931 | D:6      | Killed a sky beast
  3932 | D:6      | Reached skill level 5 in Ranged Weapons
  3932 | D:6      | Reached XP level 5. HP: 22/27 MP: 6/6
  4089 | D:5      | Entered Level 5 of the Dungeon
  4216 | D:4      | Found a white marble altar of Elyvilon.
  4228 | D:4      | Became a worshipper of Elyvilon the Healer
  4351 | D:4      | Reached XP level 6. HP: 32/32 MP: 7/7
  4968 | D:4      | Found a bloodstained altar of Trog.
  5488 | D:5      | Reached * piety under Elyvilon
  5517 | D:5      | Reached XP level 7. HP: 34/36 MP: 8/8
  6233 | D:5      | Identified the +10 dagger "Wisovotz" {heavy, ^Fragile Int+4
                  | Dex+10}
  6649 | D:6      | Reached XP level 8. HP: 39/42 MP: 9/9
  6787 | D:6      | Found a staircase to the Ecumenical Temple.
  6803 | Temple   | Entered the Ecumenical Temple
  6832 | Temple   | Fell from the grace of Elyvilon
  6832 | Temple   | Became a worshipper of Gozag Ym Sagoz the Greedy
  7147 | D:7      | Found a sand-covered staircase.
  7164 | Ossuary  | Entered an ossuary
  8154 | D:6      | Reached skill level 10 in Ranged Weapons
  8154 | D:6      | Reached skill level 3 in Dodging
  8348 | D:6      | Reached skill level 4 in Dodging
  8495 | D:6      | Reached skill level 5 in Dodging
  8839 | D:7      | Reached skill level 6 in Dodging
  8945 | D:7      | Reached XP level 9. HP: 45/45 MP: 10/10
  9162 | D:7      | Reached skill level 7 in Dodging
  9309 | D:7      | Found a shimmering blue altar of Sif Muna.
  9310 | D:7      | Found a blossoming altar of Fedhas.
  9310 | D:7      | Found a sparkling altar of Nemelex Xobeh.
  9310 | D:7      | Found a basalt altar of Yredelemnul.
  9349 | D:7      | Found a shimmering altar of Xom.
  9349 | D:7      | Found a glowing golden altar of the Shining One.
  9377 | D:7      | Reached skill level 8 in Dodging
  9567 | D:7      | Reached skill level 5 in Stealth
  9942 | D:7      | Noticed a boulder beetle
  9942 | D:7      | Noticed a boulder beetle
 10282 | D:7      | Reached skill level 5 in Fighting
 10341 | D:7      | Noticed a gargoyle
 10647 | D:8      | Found Denuhi's Lightly-Used Armoury.
 10727 | D:8      | Identified the +7 whip of Lust {freeze, *Slow +Blink rPois
                  | Str+4}
 10949 | D:8      | Found a broken altar of Ashenzari.
 11765 | D:9      | Reached skill level 9 in Dodging
 11766 | D:9      | Reached XP level 10. HP: 53/53 MP: 11/11
 12019 | D:9      | Found a staircase to the Lair.
 12075 | D:9      | Reached skill level 10 in Dodging
 12566 | D:9      | Reached skill level 11 in Dodging
 13021 | D:9      | Reached skill level 12 in Dodging
 13160 | D:10     | Entered Level 10 of the Dungeon
 13345 | D:10     | Noticed a gargoyle
 13751 | D:10     | Found a staircase to the Orcish Mines.
 13825 | D:10     | Noticed a manticore
 14113 | D:11     | Reached skill level 13 in Dodging
 14529 | D:11     | Found a gate leading to a gauntlet.
 14535 | Gauntlet | Entered a Gauntlet
 14535 | Gauntlet | Noticed an ice statue
 14535 | Gauntlet | Noticed a soul eater
 14535 | Gauntlet | Found a large runed translucent door.
 14535 | Gauntlet | Found a large runed translucent door.
 14535 | Gauntlet | Found a large runed translucent door.
 14535 | Gauntlet | Found a large runed translucent door.
 14535 | Gauntlet | Found a large runed translucent door.
 14535 | Gauntlet | Found a large runed translucent door.
 14535 | Gauntlet | Found a large runed translucent door.
 14535 | Gauntlet | Found a large runed translucent door.
 14535 | Gauntlet | Found a runed translucent door.
 14535 | Gauntlet | Found a runed translucent gate.
 14535 | Gauntlet | Found a transporter.
 14535 | Gauntlet | Found a transporter.
 14535 | Gauntlet | Found a runed translucent gate.
 14535 | Gauntlet | Found a transporter.
 14535 | Gauntlet | Found a transporter.
 14539 | Gauntlet | Found a transporter.
 14539 | Gauntlet | Found a transporter.
 14544 | Gauntlet | Noticed an arcanist
 14548 | Gauntlet | Noticed a worldbinder
 14553 | Gauntlet | Found a transporter.
 14553 | Gauntlet | Found a transporter.
 14555 | Gauntlet | Noticed a meliai
 14556 | Gauntlet | Noticed a large abomination
 14558 | Gauntlet | Noticed a meliai
 14560 | Gauntlet | Noticed a meliai
 14564 | Gauntlet | Noticed a large abomination
 14569 | Gauntlet | Found a transporter.
 14571 | Gauntlet | Found a transporter.
 14587 | Gauntlet | Found a transporter.
 14591 | Gauntlet | Found a transporter.
 14607 | Gauntlet | Found a runed translucent gate.
 14608 | Gauntlet | Found a large runed translucent door.
 14608 | Gauntlet | Found a large runed translucent door.
 14609 | Gauntlet | Found a large runed translucent door.
 14610 | Gauntlet | Found a large runed translucent door.
 14611 | Gauntlet | Found a large runed translucent door.
 14611 | Gauntlet | Found a large runed translucent door.
 14611 | Gauntlet | Found a runed translucent door.
 14612 | Gauntlet | Found a large runed translucent door.
 14613 | Gauntlet | Found a large runed translucent door.
 15396 | D:11     | Reached skill level 14 in Dodging
 15632 | Lair:1   | Entered Level 1 of the Lair of Beasts
 15846 | D:9      | Reached XP level 11. HP: 58/58 MP: 12/12
 15991 | Orc:1    | Entered Level 1 of the Orcish Mines
 15991 | Orc:1    | Found a frozen archway.
 15998 | Orc:1    | Noticed a two-headed ogre
 16000 | Orc:1    | Noticed a two-headed ogre
 16036 | Orc:1    | Noticed an orc knight
 16061 | Orc:1    | Noticed a two-headed ogre
 16233 | Orc:2    | Entered Level 2 of the Orcish Mines
 16255 | Orc:2    | Found a dark tunnel.
 16296 | Volcano  | Entered a volcano
 16300 | Volcano  | Noticed a deep elf pyromancer
 16383 | Volcano  | Noticed a deep elf pyromancer
 16390 | Volcano  | Noticed a deep elf pyromancer
 16405 | Volcano  | Killed a deep elf pyromancer
 16409 | Volcano  | Noticed a deep elf pyromancer
 16411 | Volcano  | Killed a deep elf pyromancer
 16430 | Volcano  | Killed a deep elf pyromancer
 16467 | Volcano  | Noticed a deep elf pyromancer
 16476 | Volcano  | Killed a deep elf pyromancer
 16491 | Volcano  | Killed a deep elf pyromancer
 16686 | Volcano  | Noticed a deep elf archer
 16686 | Volcano  | Noticed a deep elf pyromancer
 16686 | Volcano  | Noticed a deep elf archer
 16771 | Volcano  | Killed a deep elf archer
 16779 | Volcano  | Killed a deep elf pyromancer
 16780 | Volcano  | Reached skill level 15 in Dodging
 16782 | Volcano  | Killed a deep elf archer
 17139 | Orc:1    | Noticed a two-headed ogre
 17139 | Orc:1    | Noticed an ogre mage
 17176 | Orc:1    | Killed an ogre mage
 17185 | Orc:1    | Noticed a two-headed ogre
 17187 | Orc:1    | Killed a two-headed ogre
 17201 | Orc:1    | Killed a two-headed ogre
 17248 | Orc:1    | Killed a two-headed ogre
 17249 | Orc:1    | Reached XP level 12. HP: 64/64 MP: 13/13
 17293 | Orc:1    | Killed a two-headed ogre
 17815 | Lair:1   | Noticed Grum
 18006 | Lair:1   | Killed Grum
 18877 | D:3      | Bought the +1 robe of Vines {NoPotionHeal Regen++++} for
                  | 2240 gold pieces
 18877 | D:3      | Found the +1 robe of Vines {NoPotionHeal Regen++++}
 19083 | D:3      | Killed Sigmund
 19400 | D:7      | Killed a boulder beetle
 19870 | Lair:2   | Reached skill level 15 in Ranged Weapons
 20184 | Lair:2   | Reached XP level 13. HP: 68/68 MP: 14/14
 20226 | Lair:2   | Found a sparkling altar of Nemelex Xobeh.
 21027 | Lair:3   | Found an ornate altar of the Wu Jian Council.
 21546 | Lair:3   | Found a staircase to the Shoals.
 21714 | Lair:3   | Reached skill level 10 in Fighting
 21730 | Lair:3   | Found a staircase to the Snake Pit.
 22218 | Lair:4   | Found a viscous altar of Jiyva.
 22219 | Lair:4   | Found a staircase to the Slime Pits.
 22472 | Lair:4   | Identified a scroll of acquirement
 22654 | Lair:4   | Acquired the +1 hat of Guco {Will+ Int+4}
 22759 | Lair:5   | Entered Level 5 of the Lair of Beasts
 22759 | Lair:5   | Noticed Kirke
 22956 | Lair:4   | Reached XP level 14. HP: 77/77 MP: 15/15
 22996 | Lair:4   | Killed Kirke
 23513 | Lair:5   | Noticed Josephine
 23517 | Lair:5   | Killed Josephine
 23826 | Lair:5   | Noticed Sonja
 23827 | Lair:5   | Sonja changed into Sonja the golden eye
 23827 | Lair:5   | Noticed Sonja
 23828 | Lair:5   | Killed Sonja the golden eye
 23985 | Lair:5   | Reached skill level 1 in Shapeshifting
 24146 | Lair:5   | Reached skill level 5 in Shapeshifting
 25126 | Orc:1    | Reached skill level 16 in Dodging
 25232 | Orc:1    | Reached XP level 15. HP: 84/84 MP: 16/16
 25528 | Orc:2    | Noticed Saint Roka
 25662 | Orc:2    | Killed Saint Roka
 25663 | Orc:2    | Reached skill level 17 in Dodging
 25802 | Orc:2    | Found a staircase to the Elven Halls.
 25994 | Orc:2    | Found Zuunousch's General Store.
 25994 | Orc:2    | Found Bozxujol's Armour Shop.
 25996 | Orc:2    | Found Vouhu's Assorted Antiques.
 25998 | Orc:2    | Found Qamun's Assorted Antiques.
 26052 | Orc:2    | Found Cugefa's General Store.
 26104 | Orc:2    | Found a roughly hewn altar of Beogh.
 26185 | Orc:2    | Bought a book of Spatial Translocations for 198 gold pieces
 26188 | Orc:2    | Learned a level 2 spell: Blink
 26295 | D:12     | Noticed Jorgrun
 26295 | D:12     | Found Qumnailo's Distillery.
 26423 | D:12     | Reached skill level 1 in Translocations
 26517 | D:12     | Reached skill level 5 in Translocations
 26769 | D:12     | Noticed Fannar
 26785 | D:12     | Killed Fannar
 26795 | D:12     | Killed Jorgrun
 26843 | D:12     | Found Fos Sut's Book Shoppe.
 26862 | D:12     | Noticed Nergalle
 26870 | D:12     | Killed Nergalle
 27099 | D:12     | Found Peasips's Book Boutique.
 27270 | D:12     | Reached skill level 10 in Translocations
 27406 | D:13     | Found a gate to the Vaults.
 27734 | D:13     | Reached skill level 1 in Spellcasting
 27834 | D:13     | Identified the ring "Diches" {Wiz rF+ Str+5}
 28009 | Orc:2    | Bought a There-And-Back Book for 396 gold pieces
 28016 | Orc:2    | Learned a level 6 spell: Dispersal
 28023 | Orc:2    | Learned a level 6 spell: Gell's Gavotte
 28377 | D:13     | Found a portal to a secret trove of treasure.
 28533 | D:13     | Learned a level 4 spell: Passage of Golubria
 29246 | D:14     | Got Jarghaofo's Parchment of Plaster Cramp
 29258 | D:14     | Got the Anthology of Axaxaxas mlö
 29525 | D:14     | Reached XP level 16. HP: 88/88 MP: 23/23
 29527 | D:14     | Noticed Azrael
 29536 | D:14     | Killed Azrael
 29646 | D:14     | Got Ts'ui Pên's Folio of Forking Paths
 30177 | D:15     | Entered Level 15 of the Dungeon
 30236 | D:15     | Acquired a +0 buckler of fire resistance
 30262 | D:15     | Identified the +0 scale mail of the Pink Corner {^Drain
                  | rElec rN+}
 30459 | D:15     | Reached skill level 18 in Dodging
 30785 | D:15     | Got the Essays on the Gang
 30917 | D:15     | Reached skill level 19 in Dodging
 31346 | D:15     | Found a staircase to the Depths.
 31681 | D:15     | Found a runed translucent gate.
 31681 | D:15     | Found a runed translucent gate.
 31681 | D:15     | Found an ancient bone altar of Kikubaaqudgha.
 31681 | D:15     | Found a runed translucent gate.
 31681 | D:15     | Noticed Zelekoik's ghost (journeyman DrMo)
 31681 | D:15     | Noticed Piggab's ghost (journeyman CoHu)
 31681 | D:15     | Noticed a lich
 31682 | D:15     | Noticed a lich
 31682 | D:15     | Noticed a lich
 32167 | Orc:2    | Bought the +4 swamp dragon scales of Death Resistance
                  | {rPois Will+ Int+2 Stlth+} for 1344 gold pieces
 32451 | Snake:1  | Entered Level 1 of the Snake Pit
 32576 | Snake:1  | Noticed Nikola
 32589 | Snake:1  | Killed Nikola
 33518 | Snake:1  | Reached skill level 1 in Shields
 33652 | Snake:1  | Identified the ring of the Little Devil {rC+ MP+9 Int+3}
 35574 | Snake:1  | Reached skill level 5 in Shields
 35936 | Snake:2  | Found the amulet of Vitality {Regen++ RegenMP++}
 36411 | Snake:2  | Reached skill level 20 in Dodging
 36484 | Snake:2  | Reached XP level 17. HP: 93/93 MP: 24/24
 36676 | Snake:2  | Noticed Asterion
 36692 | Snake:2  | Noticed Louise
 36898 | Snake:2  | Killed Louise
 38068 | Snake:3  | Reached skill level 21 in Dodging
 38715 | Snake:4  | Entered Level 4 of the Snake Pit
 38778 | Snake:4  | Reached skill level 15 in Translocations
 39453 | Snake:4  | Reached skill level 5 in Spellcasting
 40139 | Snake:4  | Got a serpentine rune of Zot
 40381 | Shoals:1 | Entered Level 1 of the Shoals
 41505 | Shoals:2 | Reached XP level 18. HP: 102/102 MP: 24/26
 41933 | Shoals:2 | Found a hide-covered altar of Uskayaw.
 42738 | Shoals:3 | Found Tusump's Weapon Shoppe.
 43053 | Shoals:3 | Learned a level 4 spell: Dimensional Bullseye
 43215 | Shoals:4 | Entered Level 4 of the Shoals
 43217 | Shoals:4 | Reached skill level 1 in Hexes
 43360 | Shoals:4 | Found a glowing golden altar of the Shining One.
 43615 | Shoals:4 | Identified the ring "Etsusm" {Fire rElec rCorr MP-9 Dex+6}
 43710 | Shoals:4 | Reached skill level 22 in Dodging
 43839 | Shoals:4 | Found a white marble altar of Elyvilon.
 44065 | Shoals:4 | Reached skill level 23 in Dodging
 44076 | Shoals:4 | Got a barnacled rune of Zot
 44087 | Shoals:4 | Got the Grimoire of Damage
 44263 | Shoals:4 | Found a glowing silver altar of Zin.
 44274 | Shoals:4 | Identified the staff "Anompyeck" {Fly rElec Str+3 Air
                  | Alchemy}
 44613 | Vaults:1 | Entered Level 1 of the Vaults
 44893 | D:3      | Bought an embroidered scarf for 224 gold pieces
 44895 | D:3      | Bought a box of beasts for 1120 gold pieces
 45269 | Vaults:1 | Identified the +10 quarterstaff of the Supporting Fox
                  | {heavy, ^Fragile rElec MP+9}
 45375 | Vaults:1 | Reached XP level 19. HP: 106/106 MP: 30/30
 45497 | Vaults:1 | Identified the +0 scale mail "Limm" {rElec rCorr Int-4
                  | Dex+3}
 45621 | Vaults:1 | Found Modiledgh's Antique Armour Shop.
 45629 | Vaults:1 | Bought a glowing scarf for 192 gold pieces
 45668 | Vaults:1 | Reached skill level 24 in Dodging
 46075 | Vaults:1 | Found Riss's Spherical Supermarket.
 46351 | Vaults:2 | Identified the +5 chain mail of Weak Salvation {Str+3}
 46363 | Vaults:2 | Found Arghajov's Armour Shop.
 46415 | Vaults:2 | Noticed a golden dragon
 46453 | Vaults:2 | Reached skill level 25 in Dodging
 46464 | Vaults:2 | Killed a golden dragon
 47267 | Vaults:2 | Reached skill level 15 in Fighting
 47591 | Vaults:2 | Learned a level 4 spell: Iskenderun's Mystic Blast
 47671 | Vaults:3 | Reached skill level 1 in Conjurations
 47760 | Vaults:3 | Found a staircase to the Crypt.
 48210 | Vaults:3 | Reached skill level 26 in Dodging
 48584 | Vaults:3 | Reached XP level 20. HP: 113/113 MP: 17/31
 49411 | Vaults:4 | Reached skill level 27 in Dodging
 50322 | Vaults:4 | Found a runed translucent door.
 50340 | Vaults:4 | Noticed pedritolo's ghost (adept CoHu)
 50759 | Elf:1    | Entered Level 1 of the Elven Halls
 50791 | Elf:1    | Found a runed translucent gate.
 50791 | Elf:1    | Found a runed translucent gate.
 50791 | Elf:1    | Found a runed translucent gate.
 50830 | Elf:1    | Found a flickering gateway to a bazaar.
 50903 | Bazaar   | Entered a bazaar
 50949 | Bazaar   | Found Ymouhoer's Jewellery Shoppe.
 51002 | Bazaar   | Found Xymoloh's Book Shoppe.
 51045 | Bazaar   | Found Zusm's Jewellery Boutique.
 51075 | Bazaar   | Found Geur's Magic Scroll Shoppe.
 51083 | Bazaar   | Bought a scroll of enchant weapon for 127 gold pieces
 51084 | Bazaar   | Bought a scroll of revelation for 127 gold pieces
 51084 | Bazaar   | Bought a scroll of teleportation for 51 gold pieces
 51142 | Bazaar   | Bought a book of Cantrips for 176 gold pieces
 51146 | Bazaar   | Learned a level 1 spell: Apportation
 51212 | Bazaar   | Bought the ring of Zyzarres {rC++ Str+6} for 484 gold
                  | pieces
 51512 | Elf:1    | Paralysed by an air elemental for 1 turns
 51519 | Elf:1    | Paralysed by an air elemental for 1 turns
 51866 | Elf:1    | Noticed Roxanne
 52755 | Elf:2    | Found Ladedodi's Armour Shop.
 53005 | Elf:2    | Found a runed translucent gate.
 53005 | Elf:2    | Found a runed translucent gate.
 53006 | Elf:2    | Found a runed translucent gate.
 53329 | Elf:2    | Reached XP level 21. HP: 121/121 MP: 32/32
 53577 | Elf:3    | Entered Level 3 of the Elven Halls
 53786 | Elf:3    | Found a runed translucent gate.
 53790 | Elf:3    | Found a runed translucent gate.
 53791 | Elf:3    | Found a runed translucent gate.
 53793 | Elf:3    | Noticed Ommibeerche's ghost (adept SpEn)
 53797 | Elf:3    | Found a viscous altar of Jiyva.
 53823 | Elf:3    | Found a radiant altar of Vehumet.
 54261 | Elf:3    | Noticed Bai Suzhen
 54279 | Elf:3    | Killed Bai Suzhen
 54280 | Elf:3    | Reached skill level 10 in Shields
 54917 | Elf:3    | Identified the staff of Responsibility {rElec Will+ Air
                  | Alchemy}
 54936 | Elf:3    | Identified the +5 chain mail of Grace {rC++ Will+}
 54936 | Elf:3    | Identified the ring of Modesty {rElec rC+ rCorr MP-9
                  | Slay+2}
 55122 | Elf:3    | Identified the staff "Fatoij" {rC+ Str+3 Dex-5 SInv Ice}
 55154 | Elf:3    | Identified the +4 arbalest of Qoussex {penet, Will+ Dex+3}
 55208 | Elf:3    | Found the +3 greatsling "Punk" {acid, rCorr}
 55256 | Elf:3    | Identified the +1 glaive of Distant Worlds {antimagic, rN+}
 55730 | Elf:1    | Found a runed translucent gate.
 55730 | Elf:1    | Found a runed translucent gate.
 55734 | Elf:1    | Found a runed translucent gate.
 55744 | Elf:1    | Noticed Yphese Lihe's ghost (adept MiFi)
 55779 | Elf:1    | Gained mutation: You have hidden genetic defects. [a
                  | cacodemon]
 55865 | Elf:1    | Killed Yphese Lihe's ghost
 56296 | Elf:1    | Identified the +0 cloak of Nith {Dex+3}
 56333 | Elf:1    | Lost mutation: You have hidden genetic defects. [potion of
                  | mutation]
 56333 | Elf:1    | Gained mutation: Your spells are a little harder to cast,
                  | but a little more powerful. [potion of mutation]
 56534 | Depths:1 | Entered Level 1 of the Depths
 57035 | D:15     | Found a runed translucent gate.
 57035 | D:15     | Found a runed translucent gate.
 57035 | D:15     | Found an ancient bone altar of Kikubaaqudgha.
 57035 | D:15     | Found a runed translucent gate.
 57404 | Depths:1 | Found Mohez's Jewellery Boutique.
 57405 | Depths:1 | Found Bymujuwk's Book Shoppe.
 57405 | Depths:1 | Found Focs's Book Shoppe.
 57494 | Depths:1 | Identified the +7 great mace of the Blessed Realm {heavy,
                  | rF++}
 57495 | Depths:1 | Found a transporter.
 57495 | Depths:1 | Noticed Chimkentus's ghost (adept OpEE)
 57496 | Depths:1 | Identified the +5 great mace of Xehoerch {flame, Dex+3}
 57727 | Depths:1 | Reached skill level 10 in Stealth
 58568 | Depths:1 | Found a gateway to Hell.
 58640 | Depths:1 | Found an ancient bone altar of Kikubaaqudgha.
 58852 | Depths:2 | Reached XP level 22. HP: 127/127 MP: 24/33
 59283 | Depths:2 | Found Bisogoud's Specific Store.
 59285 | Depths:2 | Found Queded's General Store.
 59456 | Depths:2 | Noticed Norris
 59516 | Depths:2 | Reached skill level 15 in Stealth
 59576 | Depths:2 | Found a one-way gate leading to the halls of Pandemonium.
 59864 | Depths:2 | Killed Norris
 59906 | Depths:2 | Identified the +2 robe "Bilod" {+Inv rC- Stlth+ Archmagi}
 59906 | Depths:2 | Noticed Boris
 59922 | Depths:2 | Killed Boris
 60579 | Depths:3 | Found a one-way gate to the infinite horrors of the Abyss.
 60581 | Depths:3 | Found a shadowy altar of Dithmenos.
 60581 | Depths:3 | Found a broken altar of Ashenzari.
 60623 | Depths:3 | Found a one-way gateway to a ziggurat.
 60886 | Depths:3 | Found a shadowy altar of Dithmenos.
 61423 | Depths:3 | Identified the +2 pair of gloves "Cozar" {Str+9 Int+4
                  | Dex-5}
 61711 | Depths:3 | Found the -2 hat of the Alchemist {rElec rPois rF+ rC+ rN+
                  | Will+ rMut rCorr}
 61973 | Depths:3 | Noticed a golden dragon
 61987 | Depths:3 | Killed a golden dragon
 62134 | Depths:3 | Learned a level 5 spell: Summon Forest
 62259 | Depths:3 | Got the Excursus on the Dire Bonfire
 62328 | Depths:3 | Noticed a caustic shrike
 62386 | Depths:3 | Killed a caustic shrike
 62401 | Depths:3 | Identified the +8 arbalest "Beastbane" {drain, rElec rC+
                  | Str+4}
 62423 | Depths:3 | Reached XP level 23. HP: 131/131 MP: 25/34
 62607 | Depths:4 | Entered Level 4 of the Depths
 62762 | Depths:4 | Noticed a juggernaut
 63090 | Depths:4 | Killed a juggernaut
 63135 | Depths:4 | Identified the +4 robe of Defence {rF+ rN+ Will- SInv}
 63135 | Depths:4 | Noticed Boris
 63291 | Depths:2 | Bought a book of the Warp for 806 gold pieces
 63932 | Depths:4 | Learned a level 8 spell: Disjunction
 64099 | Depths:4 | Killed Boris
 64160 | Depths:4 | Found a gate to the Realm of Zot.
 64266 | Depths:4 | Reached skill level 10 in Evocations
 66990 | Depths:3 | Voluntarily entered the Abyss.
 66998 | Abyss:2  | Found a corrupted altar of Lugonu.
 67019 | Abyss:2  | Found a roughly hewn altar of Beogh.
 67086 | Abyss:3  | Found a corrupted altar of Lugonu.
 67110 | Abyss:3  | Found a corrupted altar of Lugonu.
 67160 | Depths:3 | Escaped the Abyss
 67162 | Depths:3 | Voluntarily entered the Abyss.
 67168 | Abyss:4  | Found a corrupted altar of Lugonu.
 67215 | Abyss:4  | Got an abyssal rune of Zot
 67313 | Depths:3 | Escaped the Abyss
 67428 | Zot:1    | Entered Level 1 of the Realm of Zot
 67457 | Zot:2    | You fall into a shaft and drop 1 floor!
 69083 | Zot:2    | Noticed an orb of fire
 69150 | Zot:2    | Reached XP level 24. HP: 127/140 MP: 33/37
 69451 | Zot:2    | Noticed an orb of fire
 69640 | Zot:2    | Killed an orb of fire
 69889 | Zot:2    | Gained mutation: You occasionally lose the ability to read
                  | scrolls when taking damage. [an orb of fire]
 69907 | Zot:2    | Killed an orb of fire
 69908 | Zot:2    | Reached skill level 15 in Shields
 71404 | Zot:1    | Reached skill level 1 in Armour
 71474 | Zot:1    | Lost mutation: Your spells are a little harder to cast, but
                  | a little more powerful. [potion of mutation]
 71474 | Zot:1    | Lost mutation: You occasionally lose the ability to read
                  | scrolls when taking damage. [potion of mutation]
 71474 | Zot:1    | Gained mutation: You are weak. (Str -2) [potion of
                  | mutation]
 71474 | Zot:1    | Gained mutation: You have a pair of small antennae on your
                  | head. [potion of mutation]
 72751 | Zot:2    | Identified the +2 leather armour of the Mind {rPois Int+2}
 72759 | Zot:2    | Found the +4 dragonskin cloak {Aegis}
 72759 | Zot:2    | Identified the amulet "Gifuhan" {Spirit +Blink rElec rF-
                  | rN+++}
 72759 | Zot:2    | Noticed Tiamat
 73348 | Zot:2    | Killed Tiamat
 73419 | Zot:2    | Got the Papyrus of the Enthralled Pyromaniac
 73434 | Zot:2    | Identified the +5 hand axe of Indomitability {chaos, Will+
                  | Dex+2}
 73817 | Zot:4    | Noticed an orb of fire
 73840 | Zot:4    | Killed an orb of fire
 74212 | Zot:4    | Reached XP level 25. HP: 147/147 MP: 37/37
 74770 | Zot:5    | Entered Level 5 of the Realm of Zot
 74843 | Zot:5    | Noticed a dread lich
 74852 | Zot:5    | Noticed an orb of fire
 74873 | Zot:5    | Killed a dread lich
 74924 | Zot:5    | Noticed a Killer Klown
 74925 | Zot:5    | Noticed an orb of fire
 74927 | Zot:5    | Noticed an orb of fire
 74932 | Zot:5    | Noticed a Killer Klown
 74946 | Zot:5    | Noticed a Killer Klown
 74971 | Zot:5    | Killed a Killer Klown
 75082 | Zot:5    | Noticed a Killer Klown
 75082 | Zot:5    | Noticed an orb of fire
 75087 | Zot:5    | Noticed an ancient lich
 75100 | Zot:5    | Killed an ancient lich
 75104 | Zot:5    | Noticed an orb of fire
 75104 | Zot:5    | Noticed an orb of fire
 75123 | Zot:5    | Killed an orb of fire
 75136 | Zot:5    | Killed an orb of fire
 75136 | Zot:5    | Noticed a dread lich
 75144 | Zot:5    | Killed a Killer Klown
 75152 | Zot:5    | Killed a dread lich
 75315 | Zot:5    | Killed a Killer Klown
 75692 | Zot:5    | Got the Orb of Zot
 76408 | D:$      | Escaped with the Orb!

Illustrated notes

Levels and vault maps discovered:
D:1:      lemuel_arrival_muddy, layout_basic, minmay_tiny_reverse_x
D:2:      layout_basic, basic_ecumenical_altar, serial_corexii_hall,
          corexii_hall_statues_l, corexii_hall_statues_l,
          corexii_hall_statues_t, corexii_hall_statues_t,
          minmay_tree_intersection
D:3:      layout_loops_ring, serial_shops, shop, shop, shop, shop, uniq_sigmund
D:4:      layout_rooms, mainiacjoe_overflow_six_doors_small,
          lemuel_crystal_altar, nicolae_the_louvre
D:5:      kb_forest_paths, layout_basic
D:6:      layout_rooms, minmay_temple_entry_arrows
D:7:      minmay_the_grid_octo_tiled_octocenter [minmay_the_grid_octo_shrine,
          minmay_the_grid_octo_focus, minmay_the_grid_octo_vomiting_pacman,
          minmay_the_grid_octo_chip, minmay_the_grid_octo_prize_big_c,
          minmay_the_grid_square_5x5_intrusive_squares,
          minmay_the_grid_square_5x5_two_walls_b,
          minmay_the_grid_square_5x5_hollow_slash,
          minmay_the_grid_square_5x5_corner], layout_loops_ring,
          nicolae_ossuary_entry_catacombs
D:8:      layout_basic, mainiacjoe_overflow_alcove_2, minmay_shop_damaged,
          minivault_22, amcnicky_mini_corridor_feature
D:9:      layout_irregular_city, dpeg_lair_monsters
D:10:     layout_gridville, orc_0_dummy
D:11:     layout_basic, gauntlet_entry_generic, chequers_mini_garden
D:12:     layout_roguey, serial_shops, nicolae_shop_industrial_runoff, shop,
          shop, chequers_serial_rivers_micro_b, ice2_lemuel, uniq_fannar,
          uniq_nergalle, uniq_jorgrun
D:13:     layout_stronghold, david_vaults_3, serial_column_ruins,
          column_ruins_hut, column_ruins_courtyard_long,
          column_ruins_open_small, column_ruins_open_medium,
          column_ruins_open_small, column_ruins_open_tiny,
          column_ruins_columns_straight, enter_trove_2
D:14:     layout_basic, serial_bayou_shore_b, bh_hangedman_babel_library,
          uniq_azrael
D:15:     grunt_enter_depths_magical_seal, layout_basic, gammafunk_ghost_crypt,
          grunt_decor_one_mirror, hangedman_decor_points,
          hangedman_devilish_allure
Temple:   hellmonk_temple_of_storms
Lair:1:   layout_cave_pods, grunt_megastairs_5, uniq_grum
Lair:2:   layout_roguey [special_room_bee], basic_altar,
          grunt_forest_stairs_clearing, infiniplex_staircase_pool
Lair:3:   layout_gridlike, shoals_dummy_entry, nicolae_snake_entry_squirm,
          basic_altar, serial_bayou_shore_b, grunt_megastairs_3
Lair:4:   layout_gridlike, slime_entry_1, chequers_serial_rivers_micro_a
Lair:5:   hangedman_lair_tendril_chambers, layout_small_grid, uniq_kirke,
          uniq_josephine, uniq_sonja
Shoals:1: layout_shoals
Shoals:2: layout_shoals, regret_index_shoals_crete
Shoals:3: layout_shoals, serial_shops, shop,
          nicolae_shoals_beach_house_on_fowls_legs
Shoals:4: shoals_end_hellmonk_holy_island
Snake:1:  nicolae_snake_shooting_gallery, layout_onion, uniq_nikola
Snake:2:  layout_chambers, grunt_megastairs_1, serial_bayou_shore_b,
          uniq_louise, uniq_asterion
Snake:3:  layout_grid_maze
Snake:4:  minmay_snake_end_coiled, layout_gridlike
Orc:1:    layout_caves, portal_ice_cave_entry_pillars_1,
          nicolae_orc_damp_corner, einodemon_barbed_minivault
Orc:2:    st_orc_rangers, layout_caves, serial_shops,
          nicolae_shop_pleasant_corner_grove, enter_volcano_3, mines2_david,
          uniq_saint_roka
Elf:1:    layout_gridlike, ploomutoo_gammafunk_ghost_potion_laboratory,
          serial_shops, bzr_entry_customers, minmay_elf_demonology, uniq_roxanne
Elf:2:    nicolae_elf_blades_splatter_lattice [nicolae_blade_lattice],
          layout_gridlike, serial_shops, nicolae_shop_behind_doors
Elf:3:    grunt_elf_hall_spiral, layout_loops_corners, gammafunk_ghost_ooze,
          basic_altar, uniq_bai_suzhen
Vaults:1: nicolae_vaults_surprise_closet, vaults_mumra_lcd, v_rooms_4,
          vaults_standard_mumra_x, v_misc_30, nicolae_vaults_storage_room_glass,
          v_misc_27, nicolae_vaults_alarming, tekkud_shop_of_orbs,
          layout_vaults_omnicross, serial_shops, nicolae_shop_statue_plus
Vaults:2: nicolae_vaults_puzzle_piece, ontoclasm_vaults_claustrophobia,
          ontoclasm_vaults_ring_large, grunt_vaults_focal,
          ontoclasm_vaults_shout, nicolae_vaults_circle_grid_b, v_rooms_3,
          ontoclasm_vaults_chip, grunt_vaults_hallway_short, vaults_dpeg_hooks,
          layout_vaults_omnibox, serial_shops, shop
Vaults:3: nicolae_vaults_display_case, grunt_vaults_funnel, v_pattern_1,
          v_misc_10, minmay_crypt_entry_simple_box, layout_vaults_omnigrid
Vaults:4: hellmonk_ghost_big_iron, hangedman_vaults_stagger,
          nicolae_vaults_inception_scallops, dpeg_vaults_hating_casters,
          vaults_room_grunt_arrival_checkpoint, nicolae_vaults_lightning_bolt,
          v_misc_8, hangedman_vaults_maws, nicolae_vaults_octothorpe,
          nicolae_vaults_back_hallway, nicolae_vaults_trapezoid_lopsided_3,
          lightli_orcish_oven, layout_vaults_ring
Depths:1: layout_gridville, lightli_too_deep, gammafunk_ghost_smash,
          serial_co_window_serial, co_window_of_opportunity_a,
          co_window_paths_a, co_window_paths_a, co_window_paths_b,
          co_window_paths_a, co_window_of_opportunity_c, co_window_paths_c,
          co_window_unsneaky_path_a, co_window_corner_ca, co_window_paths_c,
          co_window_cross_4, co_window_paths_d, glass_columns_c,
          glass_columns_b, glass_columns_b, glass_columns_a, glass_columns_a,
          kennysheep_another_room, lemuel_zombie_altar_kikubaaqudgha,
          minmay_shop_grove, serial_bayou_shore_b
Depths:2: cross_vault, layout_gridville, hell_entry, rand_demon_pan_entry_9,
          nicolae_specific_store, infiniplex_staircase_pool_1, uniq_boris,
          uniq_norris
Depths:3: hangedman_slaughterboxes, hell_entry, pan_entry, abyss_entry
Depths:4: evilmike_zot_entry_argh, layout_basic, hellmouth_1,
          serial_sigils_hangedman_quiver, minmay_misc_feat_tower,
          serial_bayou_shore_b
Zot:1:    layout_basic, hangedman_zot_wheel_spokes
Zot:2:    layout_basic, st_grand_hoard_of_tiamat, grunt_megastairs_4,
          uniq_tiamat
Zot:3:    kennysheep_spiral_hall, layout_gridlike, lemuel_elevator
Zot:4:    layout_gridlike, skrybe_zot_glass_2, st_single_dragon_hoard_3
Zot:5:    layout_misc_corridors

Skill      XL: |  1  2  3  4  5  6  7  8  9 10 11 12 13 14 15 16 17 18 19 20 21 22 23 24 25 |
---------------+----------------------------------------------------------------------------+-----
Ranged Weapons | 1 2 3 5 6 8 10 11 15 17 18 | 18.0
Fighting       | 3 4 6 8 10 12 14 15 17 19 20 21 | 21.0
Dodging        | 6 9 14 15 16 17 20 21 23 26 27 | 27.0
Stealth        | 5 8 12 15 | 15.0
Evocations     | 7 8 9 10 12 14 | 14.0
Shapeshifting  | 5 |  5.3
Translocations | 13 14 16 22 24 | 24.5
Spellcasting   | 4 5 7 9 |  9.2
Shields        | 6 8 9 12 13 16 | 16.0
Hexes          | 4 |  4.5
Conjurations   | 2 |  2.0
Armour         | 3 |  3.0

Action                     |  1- 3 |  4- 6 |  7- 9 | 10-12 | 13-15 | 16-18 | 19-21 | 22-24 | 25-27 || total
---------------------------+-------+-------+-------+-------+-------+-------+-------+-------+-------++-------
  Melee: Dagger            |     1 |       |       |    18 |       |       |       |       |       ||    19
   Fire: Sling             |   239 |   217 |   844 |   689 |       |       |       |       |       ||  1989
         Hand cannon       |       |       |       |   281 |  1099 |  1576 |  1401 |    47 |       ||  4404
         Greatsling        |       |       |       |       |       |       |    52 |  2500 |   261 ||  2813
  Throw: Dart              |       |     4 |     1 |       |       |       |       |       |       ||     5
   Cast: Gell's Gavotte    |       |       |       |       |     9 |   106 |    89 |    67 |       ||   271
         Dispersal         |       |       |       |       |       |     4 |     8 |     7 |       ||    19
         Blink             |       |       |       |       |       |     8 |    13 |    17 |     1 ||    39
         Iskenderun's Myst |       |       |       |       |       |       |    73 |    19 |       ||    92
         Dimensional Bulls |       |       |       |       |       |       |     1 |     9 |       ||    10
         Passage of Golubr |       |       |       |       |       |       |     1 |     5 |       ||     6
         Summon Forest     |       |       |       |       |       |       |       |     6 |       ||     6
         Disjunction       |       |       |       |       |       |       |       |    16 |     3 ||    19
 Invoke: Potion Petition   |       |       |       |     1 |     1 |       |       |     2 |       ||     4
         Bribe Branch      |       |       |       |       |       |       |       |       |     5 ||     5
Ability: Begin Untransform |       |       |       |       |     1 |       |       |       |       ||     1
  Evoke: Gell's gravitambo |       |       |     2 |     3 |     2 |     1 |     2 |     2 |       ||    12
         Wand              |       |       |       |    20 |     1 |     1 |     3 |    11 |     1 ||    37
         Lightning rod     |       |       |       |       |     3 |       |       |       |       ||     3
         Phantom mirror    |       |       |       |       |       |       |     1 |       |       ||     1
    Use: Scroll            |     5 |     4 |     5 |    13 |    14 |     7 |     8 |     9 |     4 ||    69
         Potion            |       |       |       |       |       |     1 |     1 |     5 |     1 ||     8
   Stab: Paralysed         |       |       |       |     4 |       |       |       |       |       ||     4
         Invisible         |       |       |       |     2 |       |       |       |       |       ||     2
         Sleeping          |       |       |       |     2 |       |       |       |       |       ||     2
 Armour: Robe              |    26 |    25 |    86 |    90 |    88 |   162 |   139 |   206 |    19 ||   841
         Swamp dragon scal |       |       |       |       |       |     2 |       |       |       ||     2
  Dodge: Dodged            |    52 |    30 |   170 |   450 |   454 |   562 |   621 |   823 |   132 ||  3294
  Block: Other             |       |     9 |    47 |    97 |    68 |    16 |       |       |       ||   237
         Reflection        |       |     2 |       |     8 |    19 |    29 |       |       |       ||    58
         Buckler           |       |       |       |       |       |   180 |   209 |   253 |    48 ||   690
   Form: Beast             |       |       |       |       |     1 |       |       |       |       ||     1

Table legend: (Time is in decaauts)
 A = Elapsed time spent in this place.
 B = Non-inter-level travel time spent in this place.
 C = Inter-level travel time spent in this place.
 D = Time resting spent in this place.
 E = Time spent auto-exploring this place.
 F = Levels seen in this place.
 G = Mean time per level.
                   A        B        C        D        E       F      G
               +--------+--------+--------+--------+--------+-----+--------+
         Total |  54662 |  47872 |   6790 |   9064 |  20569 |  56 |  976.1 |
       Dungeon |  17868 |  14368 |   3500 |   2647 |   6091 |  15 | 1191.2 |
        Temple |     25 |      3 |     22 |      0 |      0 |   1 |   25.0 |
          Lair |   4729 |   4086 |    643 |    252 |   2284 |   5 |  945.8 |
        Shoals |   2990 |   2841 |    149 |    276 |   1431 |   4 |  747.5 |
     Snake Pit |   5273 |   4939 |    334 |   1650 |   2127 |   4 | 1318.2 |
  Orcish Mines |   1855 |   1508 |    347 |    319 |    455 |   2 |  927.5 |
   Elven Halls |   4038 |   3672 |    366 |    759 |   1550 |   3 | 1346.0 |
        Vaults |   4035 |   3622 |    413 |    226 |   2171 |   4 | 1008.8 |
        Depths |   6270 |   5545 |    725 |   1249 |   2059 |   4 | 1567.5 |
           Zot |   5888 |   5601 |    287 |   1141 |   2169 |   5 | 1177.6 |
         Abyss |    209 |    209 |      0 |     15 |     32 |   5 |   41.8 |
        Bazaar |    216 |    216 |      0 |      0 |     92 |   1 |  216.0 |
       Ossuary |    586 |    586 |      0 |    342 |     24 |   1 |  586.0 |
       Volcano |    535 |    535 |      0 |    183 |      0 |   1 |  535.0 |
      Gauntlet |    136 |    136 |      0 |      0 |     79 |   1 |  136.0 |
               +--------+--------+--------+--------+--------+-----+--------+

Top non-repeatable levels by time:
Depths:3: 2114 daAuts
   Zot:2: 2100 daAuts
Depths:4: 1983 daAuts
     D:7: 1967 daAuts
    D:15: 1888 daAuts
 Snake:1: 1884 daAuts
   Elf:1: 1840 daAuts
     D:9: 1642 daAuts
 Snake:2: 1614 daAuts
   Zot:3: 1451 daAuts
   Elf:3: 1370 daAuts
    D:10: 1301 daAuts
    D:12: 1246 daAuts
Depths:2: 1148 daAuts
  Lair:5: 1143 daAuts
